 Dungeon Crawl Stone Soup version 0.31-a0-1057-g70f3316b05 (webtiles) character file.

Game seed: 482485881937794063

424 Ge0ff the Conjurer (level 6, -1/26 HPs)
             Began as a Felid Reaver on Nov 20, 2023.
             Killed by divine providence
             ... invoked by an orc priest
              (15 damage)
             ... on level 4 of the Dungeon.
             The game lasted 00:09:16 (3033 turns).

Ge0ff the Conjurer (Felid Reaver)                   Turns: 3033, Time: 00:09:17

Health: -1/26      AC:  2    Str: 12    XL:     6   Next: 64%
Magic:  11/11      EV: 32    Int: 15    God:
Gold:   93         SH:  0    Dex: 14    Spells: 6/10 levels left
                                        Lives:  0   Deaths: 2

rFire   . .          .
                       - Unarmed
rCold   . . .        (shield unavailable)
rNeg    . . .        (body armour unavailable)
rPois   .            (helmet unavailable)
rElec   .            (cloak unavailable)
rCorr   .            (gloves unavailable)
SInv    +            (boots unavailable)
Will    .....        b - amulet of the acrobat
Stlth   ++           (no ring)
HPRegen 0.24/turn    (no ring)
MPRegen 0.12/turn

%: acrobat
@: mighty, acrobatic, quick
A: very small, claws 1, fangs 3, see invisible, speed 1, shaggy fur 2, stealthy
paws, no weapons or thrown items, no armour, multi-lived, mutation resistance 1,
strong 1
a: no special abilities


You were on level 4 of the Dungeon.
You visited 1 branch of the dungeon, and saw 4 of its levels.

You collected 93 gold pieces.

Inventory:

Jewellery
 b - an amulet of the acrobat (around neck)
Scrolls
 a - a scroll of brand weapon
 c - a scroll of enchant weapon {unknown}
 d - a scroll of amnesia {unknown}
 f - a scroll of noise {unknown}
 j - a scroll of fear {unknown}
 S - a scroll of immolation {unknown}
 T - 2 scrolls of teleportation
 U - a scroll of fog {unknown}
Potions
 W - a potion of ambrosia {unknown}
 X - 3 potions of enlightenment
 Y - a potion of resistance {unknown}


   Skills:
 - Level 2.0 Fighting
 - Level 3.0 Dodging
 - Level 3.0 Stealth
 + Level 4.2 Unarmed Combat
 + Level 2.8 Spellcasting
 * Level 4.2 Conjurations
 * Level 3.1 Ice Magic


You had 6 spell levels left.
You knew the following spells:

 Your Spells              Type           Power      Damage    Failure   Level
C - Hailstorm             Conj/Ice       13%        3d5       14%         3
E - Kiss of Death         Conj/Necr      32%        2d7       9%          1

Your spell library contained the following spells:

 Spells                   Type           Power      Damage    Failure   Level
 Momentum Strike          Conj/Tloc      16%        3d8       13%         2
 Cigotuvi's Dreadful Rot  Necr/Pois/Air  4%         N/A       30%         2
 Ignite Poison            Fire/Tmut/Pois 2%         N/A       52%         3
 Freezing Cloud           Conj/Ice/Air   4%         6-21      90%         5
 Haunt                    Necr/Summ      1%         N/A       100%        7
 Borgnjor's Revivificati  Necr           1%         N/A       100%        8
 Death's Door             Necr           1%         N/A       100%        9


Dungeon Overview and Level Annotations

Branches:
Dungeon (4/15) Zot: 26584
 Temple: D:4-7

Altars:


Innate Abilities, Weirdness & Mutations

You have sharp claws.
You have razor-sharp teeth.
You have supernaturally acute eyesight. (SInv)
You cover ground quickly. (Speed+)
You are covered in thick fur. (AC +2)
Your paws help you pounce on unaware monsters.
You are incapable of wielding weapons or throwing items.
You cannot wear armour.
You gain extra lives every three experience levels.
You are somewhat resistant to further mutation.
Your muscles are strong. (Str +4, Int/Dex -1)


Message History

Things that are here:
a +0 dagger; a +0 flail You feel a strong urge to attack something.
You scratch the ball python.
You kill the ball python!
You are no longer berserk.
You are exhausted.
You feel yourself slow down.
You start waiting.
You feel yourself speed up.
You recover from your berserk rage.
Found a masterwork cloak.
An orc priest comes into view. It is wielding a +0 club.
You see here the +0 cloak of Focus {Int+3 Dex+2}.
The orc priest shouts!
You hear a shout! x2
The orc priest invokes the aid of Beogh against you.
Beogh smites you!
An orc comes into view. It is wielding a +0 dagger.
Found a stone staircase leading down.
A hobgoblin comes into view.
There is a stone staircase leading up here.
You climb upwards.
There is a stone staircase leading down here.
HP restored.
Done exploring.
You climb downwards.
There is a stone staircase leading up here.
The orc priest calls down the wrath of Beogh upon you.
Beogh smites you!
Ouch! That really hurt!
You feel very mighty all of a sudden.
You claw the orc priest!
The orc priest is heavily wounded.
The orc priest closely misses you.
You claw the orc priest!
The orc priest is almost dead.
The orc priest looks satisfied for a moment.
You claw the orc priest!
You kill the orc priest!
You see here a +0 club.
An orc priest comes into view. It is wielding a +0 club.
The orc priest shouts!
You hear a shout!
You closely miss the orc. The orc hits you with a +0 dagger.
You claw the orc!
You kill the orc!
An orc comes into view. It is wielding a +0 mace.
The orc priest mumbles some strange prayers to Beogh against you.
Beogh smites you!
Ouch! That really hurt!
You die...

#......# #...
####......#### ..###
##.........##.## ##...#
#.........###..#
####.....
##.............#
#...†....
##.....)...<.####§####...
##........#.#≈§≈.≈§§#...
#.........###≈§.§.§≈#...
##.....@.####§.###.≈#...
#...##.###..'...#...'.#.
#.....o.#...#≈.###.≈#...
#......o.....#≈.§...≈#...
........##...#§≈≈§≈≈≈#...
........##...####'####.#.
..##..............###..##
. ......)................
#....................#..


You could see an orc priest and an orc.

Vanquished Creatures
  A phantom (D:3)
  A bullfrog (D:4)
  A scorpion (D:3)
  2 orc priests (D:4)
  Robin (D:2)
  4 adders
  A worm (D:2)
  3 dart slugs
  10 orcs
  9 ball pythons
  13 endoplasms
  7 giant cockroaches
  15 goblins
  5 hobgoblins
  2 jackals (D:3)
  4 kobolds
  6 quokkas
  2 bats (D:1)
  6 frilled lizards (D:1)
  8 rats
101 creatures vanquished.

Notes
Turn   | Place    | Note
-------+----------+-------------------------------------------
     0 | D:1      | Ge0ff the Felid Reaver began the quest for the Orb.
     0 | D:1      | Reached XP level 1. HP: 9/9 MP: 4/4
   103 | D:1      | Reached skill level 1 in Stealth
   180 | D:1      | Reached XP level 2. HP: 13/13 MP: 6/6
   391 | D:1      | Reached XP level 3. HP: 16/16 MP: 7/7
   395 | D:1      | Learned a level 3 spell: Hailstorm
  1072 | D:2      | Reached skill level 1 in Ice Magic
  1188 | D:2      | Reached XP level 4. HP: 19/19 MP: 8/8
  1447 | D:2      | Noticed Robin
  1455 | D:2      | Killed Robin
  1895 | D:3      | Noticed a phantom
  1901 | D:3      | Killed a phantom
  1902 | D:3      | Reached XP level 5. HP: 22/22 MP: 9/9
  1965 | D:3      | Gained mutation: Your muscles are strong. (Str +4, Int/Dex
                  | -1) [potion of mutation]
  1965 | D:3      | Gained mutation: You are somewhat resistant to further
                  | mutation. [potion of mutation]
  1965 | D:3      | Succumbed to a scorpion's poison
  2078 | D:3      | Found a faded altar of an unknown god.
  2404 | D:3      | HP: 1/22 [poisoned by an adder]
  2405 | D:3      | Succumbed to an adder's poison
  2512 | D:3      | Gained mutation: You are covered in thick fur. (AC +2)
                  | [Felid growth]
  2512 | D:3      | Reached XP level 6. HP: 21/26 MP: 10/10
  2949 | D:4      | Identified the +0 cloak of Focus {Int+3 Dex+2}
  3033 | D:4      | Killed from afar by an orc priest

Illustrated notes

Levels and vault maps discovered:
D:1:      kennysheep_arrival_seaside, layout_rooms, minmay_cut_off
D:2:      layout_loops_cross, uniq_robin
D:3:      layout_loops_ring, shapermc_ecumenical_altar_mp_ritualfount
D:4:      layout_cave_pools, kennysheep_generic_room_11

Skill      XL: |  1  2  3  4  5  6 |
---------------+-------------------+-----
Stealth        | 2 3 |  3.0
Dodging        | 3 |  3.0
Conjurations   | 3 4 |  4.2
Ice Magic      | 1 2 3 |  3.1
Unarmed Combat | 4 |  4.2
Fighting       | |  2.0
Spellcasting   | |  2.8

Action                     |  1- 3 |  4- 6 || total
---------------------------+-------+-------++-------
  Melee: Unarmed           |   127 |   127 ||   254
         Bite              |     7 |    10 ||    17
         Punch             |     4 |     3 ||     7
   Cast: Kiss of Death     |       |     2 ||     2
    Use: Scroll            |     2 |     2 ||     4
         Potion            |       |     6 ||     6
   Stab: Sleeping          |     3 |     8 ||    11
 Armour: Skin              |    27 |    31 ||    58
  Dodge: Dodged            |    74 |    60 ||   134

Table legend: (Time is in decaauts)
 A = Elapsed time spent in this place.
 B = Non-inter-level travel time spent in this place.
 C = Inter-level travel time spent in this place.
 D = Time resting spent in this place.
 E = Time spent auto-exploring this place.
 F = Levels seen in this place.
 G = Mean time per level.
                   A        B        C        D        E       F      G
               +--------+--------+--------+--------+--------+-----+--------+
         Total |   2637 |   2527 |    110 |    170 |   1387 |   4 |  659.2 |
       Dungeon |   2637 |   2527 |    110 |    170 |   1387 |   4 |  659.2 |
               +--------+--------+--------+--------+--------+-----+--------+

Top non-repeatable levels by time:
     D:2: 842 daAuts
     D:3: 728 daAuts
     D:1: 682 daAuts
     D:4: 383 daAuts
